 Dungeon Crawl Stone Soup version 0.28.0 (webtiles) character file.

Game seed: 10596697897807458231

219 RighteousDevil the Spear-Bearer (level 5, 0/38 HPs)
             Began as a Merfolk Gladiator on Feb 10, 2022.
             Was a Believer of Dithmenos.
             Slain by an ogre (22 damage)
             ... on level 4 of the Dungeon.
             The game lasted 00:05:31 (2992 turns).

RighteousDevil the Spear-Bearer (Merfolk Gladiator) Turns: 2992, Time: 00:05:32

Health: 0/38       AC:  7    Str: 16    XL:     5   Next: 96%
Magic:  5/5        EV: 11    Int:  7    God:    Dithmenos [**....]
Gold:   131        SH:  0    Dex: 16    Spells: 4/4 levels left

rFire   . . .      SeeInvis .   a - +5 trident
rCold   . . .      Faith    .   (no shield)
rNeg    . . .      Spirit   .   e - +0 scale mail
rPois   .          Reflect  .   c - +0 helmet
rElec   .          Harm     .   (no cloak)
rCorr   .          Rampage  .   (no gloves)
Will    .....                   (no boots)
Stlth   +.........              (no amulet)
HPRegen 0.12/turn               (no ring)
MPRegen 0.09/turn               (no ring)

@: flying, wreathed by umbra
A: (nimble swimmer 2), mertail
a: Renounce Religion, Shadow Step


You were on level 4 of the Dungeon.
You worshipped Dithmenos.
Dithmenos was pleased with you.
You visited 1 branch of the dungeon, and saw 4 of its levels.

You collected 131 gold pieces.

Inventory:

Hand Weapons
 a - a +5 trident (weapon)
Missiles
 d - 4 throwing nets (quivered)
Armour
 c - a +0 helmet (worn)
 e - a +0 scale mail (worn)
Jewellery
 f - a ring of magical power
 g - a ring of protection from cold
Wands
 i - a wand of paralysis (6)
Scrolls
 l - a scroll of fear
Potions
 b - a potion of might {unknown}
 h - a potion of flight
 m - a potion of curing {unknown}


   Skills:
 - Level 2.1 Fighting
 + Level 8.0 Polearms
 - Level 2.0 Throwing
 - Level 4.0 Dodging
 + Level 3.7 Stealth


You had 4 spell levels left.
You didn't know any spells.
Your spell library contained the following spells:

 Spells                   Type           Power      Damage    Failure   Level
 Foxfire                  Conj/Fire      0%         2x1d4     87%         1
 Corpse Rot               Necr/Air       0%         N/A       95%         2
 Conjure Flame            Conj/Fire      0%         6-21      99%         3
 Inner Flame              Hex/Fire       0%         N/A       99%         3
 Dispel Undead            Necr           0%         3d6       100%        4
 Flame Wave               Conj/Fire      0%         2d4       100%        4
 Death Channel            Necr           0%         N/A       100%        6


Dungeon Overview and Level Annotations

Branches:
Dungeon (4/15)
 Temple: D:4-7

Altars:
Dithmenos
Zin

Shops:
D:4 *

Annotations:
D:2 1 runed translucent door, Crazy Yiuf


Innate Abilities, Weirdness & Mutations

((You are very nimble when in or above water. (Stealth+, EV+, Speed+++)))
Your lower body shifts to a powerful aquatic tail in water.


Message History

The gnoll hits you with a +0 club.
You puncture the gnoll!
You kill the gnoll!
Dithmenos accepts your kill.
Your Polearms skill increases to level 8!
Unknown command.
No target in view!
Unknown command.
No target in view!
No target in view!
d - 4 throwing nets (gained 1)
Found Zin's Purification Station.
Things that are here:
a +0 whip; an adder corpse; a gnoll corpse An ogre comes into view.
It is wielding a +0 giant club.
The ogre shouts!
You see here a ring of magical power.
f - a ring of magical power
Things that are here:
a +0 whip; an adder corpse; a gnoll corpse
There is a stone staircase leading up, spattered with blood here.
Okay, then.
It was a potion of flight.
You feel very buoyant.
You fly up into the air.
The ogre hits you with a +0 giant club.
Found a book of Conjurations and a scroll of identify.
A gnoll comes into view. It is wielding a +0 whip.
You see here a book of Conjurations.
You see here a scroll of identify.
Found a mace.
You see here a ring of protection from cold.
g - a ring of protection from cold The ogre hits you but does no damage.
You hit the ogre.
The ogre is lightly wounded.
You hit the ogre.
The ogre is lightly wounded.
The ogre hits you with a +0 giant club!!
Ouch! That really hurt!
You die...

#######.####.###.##
.........# #.###.###
#.#####..# #.#.....
#.#####..###.#[#.#
#.)........)<)[.## .
#....(...###)###.#.#
#..####..###.).....#
.. #.O#...#.....#
#..@......∩....
..................g.
.................# .
........#.....#_#..
.............##⌠##.
.......###.#..# #
...###. #.##... ^.
#. #.# ###


You could see an ogre.

Vanquished Creatures
  An orc priest (D:4)
  Jessica (D:3)
  Natasha (D:3)
  3 adders
  4 gnolls (D:4)
  3 dart slugs
  9 orcs
  4 bats
  6 endoplasms
  2 giant cockroaches (D:3)
  7 goblins
  4 hobgoblins (D:1)
  7 ball pythons
  6 frilled lizards
  2 kobolds (D:1)
  6 rats
66 creatures vanquished.

Notes
Turn   | Place    | Note
-------+----------+-------------------------------------------
     0 | D:1      | RighteousDevil the Merfolk Gladiator began the quest for
                  | the Orb.
     0 | D:1      | Reached XP level 1. HP: 16/16 MP: 1/1
   280 | D:1      | Reached skill level 5 in Polearms
   285 | D:1      | Reached XP level 2. HP: 18/22 MP: 2/2
   606 | D:1      | Reached skill level 6 in Polearms
   606 | D:1      | Reached XP level 3. HP: 27/27 MP: 3/3
  1242 | D:2      | Found a faded altar of an unknown god.
  1279 | D:2      | Prayed at the altar of an unknown god.
  1279 | D:2      | Became a worshipper of Dithmenos the Shadowed
  1279 | D:2      | Reached * piety under Dithmenos
  1596 | D:2      | Found a runed translucent door.
  1597 | D:2      | Noticed Crazy Yiuf
  2105 | D:3      | Reached skill level 1 in Stealth
  2105 | D:3      | Reached XP level 4. HP: 33/33 MP: 4/4
  2125 | D:3      | Noticed Natasha
  2133 | D:3      | Killed Natasha
  2158 | D:3      | Reached skill level 7 in Polearms
  2221 | D:3      | Noticed Jessica
  2227 | D:3      | Killed Jessica
  2227 | D:3      | Reached ** piety under Dithmenos
  2228 | D:3      | Reached XP level 5. HP: 35/38 MP: 5/5
  2744 | D:4      | Found a glowing silver altar of Zin.
  2962 | D:4      | Reached skill level 8 in Polearms
  2963 | D:4      | Found Zin's Purification Station.
  2964 | D:4      | Noticed an ogre
  2992 | D:4      | Slain by an ogre

Illustrated notes

Levels and vault maps discovered:
D:1:      lemuel_arrival_behind_the_door_large, layout_basic,
          hangedman_feature_mirror, roderic_lattice_a, minmay_misc_feat_tiny
D:2:      layout_basic, chequers_ecumenical_altar_island,
          uniq_crazy_yiuf_cottage
D:3:      layout_basic, uniq_jessica, uniq_natasha
D:4:      layout_loops_ring, okawaru_gym_becter, nicolae_overflow_hidden_temple,
          zin_purify

Skill      XL: |  1  2  3  4  5 |
---------------+----------------+-----
Polearms       | 5 6 7 8 |  8.0
Stealth        | 1 2 3 |  3.7
Fighting       | |  2.1
Throwing       | |  2.0
Dodging        | |  4.0

Action                   |  1- 3 |  4- 6 || total
-------------------------+-------+-------++-------
Melee: Trident           |   119 |    80 ||   199
       Tailslap          |     3 |       ||     3
       Punch             |       |     2 ||     2
  Use: Scroll            |     3 |     3 ||     6
       Potion            |     1 |     2 ||     3
 Stab: Sleeping          |     1 |     3 ||     4
       Distracted        |       |     2 ||     2
Armor: Ring mail         |    23 |     8 ||    31
       Scale mail        |       |     1 ||     1
Dodge: Dodged            |    73 |    38 ||   111
